cohdb
Replays
Latest Replays
All Replays
Popular Replays
Top Player Replays
Match Explorer
How It Works
Community
CoH3 Stats
Reddit
Sign in to upload your games and track your stats! →
Sign in with Steam
Match 45525704
Unlisted
Match 45525704
Overview
Messages
Build Orders
End
Kradschützen Motorcycle Team
Panzergrenadier Squad
250 Light Carrier
Panzerpioneer Squad
Construct Light Support Kompanie
Panzerpioneer Squad
Selects Battlefield Espionage Battlegroup
Selects Battlefield Espionage Battlegroup
Selects 250/3 Funkpanzerwagen
Fire Support Elements
Combat Half-tracks
2.5-tonne Medical Truck
Pak 38 Mechanized Group
Selects Intel Disruption Beacon
Panzerpioneer Squad
Veteran Squad Leaders
MG34 Team
Assault Grenadier Squad
Assault Mechanized Group
Construct Panzerarmee Kommand
Selects Anti-Tank Incendiary Munitions
Panzer III L Medium Tank
Panzer III L Medium Tank
Panzer III L Medium Tank
Selects Plunder
Selects Firestorm
Firestorm
Panzer III L Medium Tank
Tungsten Core Ammunition
Flak 36 Anti-tank Gun Team
Flak 36 Anti-tank Gun Team
Firestorm
Flak 36 Anti-tank Gun Team
Armored Reserves
Panzer IV Assault Group
Kanade
Alastor
B I G B I R A N
B I G PP B O Y
0
0
Comments
sign in to comment!
No comments posted yet!